 Dungeon Crawl Stone Soup version 0.22.0-6-g71bd7aa (webtiles) character file.

100 Gravenous the Chopper (level 4, -4/40 HPs)
             Began as a Hill Orc Abyssal Knight on Aug 14, 2018.
             Was a Believer of Lugonu.
             Slain by a gnoll
             ... wielding a +2 whip of electrocution
              (17 damage)
             ... on level 2 of the Dungeon.
             The game lasted 00:02:48 (2097 turns).

Gravenous the Chopper (Hill Orc Abyssal Knight)     Turns: 2097, Time: 00:02:49

Health: -4/40      AC:  7    Str: 15    XL:     4   Next: 73%
Magic:  6/6        EV:  7    Int: 12    God:    Lugonu [**....]
Gold:   156        SH:  7    Dex: 10    Spells: 3/3 levels left

rFire    . . .     SeeInvis .   m - +1 hand axe (venom)
rCold    . . .     Gourm    .   n - +1 shield {reflect}
rNeg     . . .     Faith    .   f - +0 ring mail
rPois    .         Spirit   .   d - +0 helmet
rElec    .         Reflect  +   (no cloak)
rCorr    .         Harm     .   (no gloves)
MR       .....                  p - +0 pair of boots
Stlth    ..........             (no amulet)
HPRegen  0.13/turn              j - ring of attention (curse)
MPRegen  0.10/turn              (no ring)

@: no status effects
A: no striking features
a: Depart the Abyss, Bend Space, Renounce Religion


You were on level 2 of the Dungeon.
You worshipped Lugonu.
Lugonu was pleased with you.
You were not hungry.

You visited 1 branch of the dungeon, and saw 3 of its levels.
You visited the Abyss 1 time.

You collected 156 gold pieces.

Inventory:

Hand Weapons
 m - a +1 hand axe of venom (weapon)
Armour
 d - a +0 helmet (worn)
 f - a +0 ring mail (worn)
 n - a +1 shield of reflection (worn)
 p - a +0 pair of boots (worn)
Jewellery
 j - a cursed ring of attention (left hand)
Scrolls
 a - a scroll of enchant armour {unknown}
 b - 4 scrolls of identify {unknown}
 e - 3 scrolls of noise {unknown}
 g - 2 scrolls of remove curse {unknown}
 h - a scroll of magic mapping {unknown}
 i - a scroll of fog {unknown}
 k - a scroll of amnesia {unknown}
 l - a scroll of immolation {unknown}
 q - a scroll of enchant weapon {unknown}
Potions
 o - a potion of curing {unknown}
Comestibles
 c - 4 rations
 r - 2 chunks of flesh


   Skills:
 + Level 4.3 Fighting
 * Level 4.5 Axes
 + Level 3.0 Armour
 - Level 0.7 Dodging
 + Level 3.4 Invocations


You had 3 spell levels left.
You didn't know any spells.
Your spell library was empty.

Dungeon Overview and Level Annotations

Branches:
Dungeon (3/15)

Altars:
Elyvilon
Trog
Yredelemnul


Message History

Unknown command.
Unknown command.
The orc hits you with a dagger. The gnoll hits you but does no damage.
You climb upwards.
There is a stone staircase leading down here.
Unknown command.
You closely miss the gnoll.
Your shield prevents you from hitting the orc.
You block the orc's attack.
The gnoll hits you with a whip of electrocution.
You hit the gnoll.
The gnoll is poisoned.
The gnoll is moderately wounded.
You closely miss the orc. The orc hits you but does no damage.
You block the gnoll's attack.
Your shield prevents you from hitting the gnoll.
The gnoll is heavily wounded.
You hit the orc.
The orc is poisoned.
The orc hits you but does no damage.
The gnoll hits you with a whip of electrocution.
You are electrocuted!
You die...

............................#
......#######.##.##.#########
.......).)..........#
..)....#######.#.####
..####### ####...# ..# ##_##
#...#..# ..# 8...8##...#..#
####.....##...##g# #
8.....8#...##@# #
##.....##...##o# #
#8...8##..###.# #
##.....##..# #.# #
8.....8#..# #.# # #.....##.[#
#.# # 8...8 #..# #.# # ##>##
#..# #.# # ##### #### #.#


You could see a gnoll and an orc.

Vanquished Creatures
  Robin (D:2)
  An adder (D:2)
  2 gnolls (D:2)
  2 dart slugs
  A leopard gecko (D:1)
  3 orcs (D:2)
  3 ball pythons
  6 bats
  A giant cockroach (D:2)
  11 goblins
  7 hobgoblins
  3 jackals (D:2)
  4 kobolds
  6 frilled lizards
  3 rats (D:1)
54 creatures vanquished.

Notes
Turn   | Place    | Note
-------+----------+-------------------------------------------
     0 | Abyss:1  | Gravenous the Hill Orc Abyssal Knight began the quest for the Orb.
     0 | Abyss:1  | Reached XP level 1. HP: 19/19 MP: 2/2
    11 | D:1      | Escaped the Abyss
   237 | D:1      | Reached XP level 2. HP: 19/27 MP: 3/3
   522 | D:1      | Reached ** piety under Lugonu
   689 | D:1      | Reached XP level 3. HP: 29/33 MP: 5/5
   879 | D:2      | Found a white marble altar of Elyvilon.
   907 | D:2      | Noticed Robin
   934 | D:2      | Killed Robin
  1123 | D:2      | Reached XP level 4. HP: 33/40 MP: 6/6
  1233 | D:2      | Found a bloodstained altar of Trog.
  1249 | D:2      | Found a basalt altar of Yredelemnul.
  2097 | D:2      | Slain by a gnoll

Skill      XL: |  1  2  3  4 |
---------------+-------------+-----
Axes           | 3 4 |  4.5
Invocations    | 3 |  3.4
Fighting       | 4 |  4.3
Armour         | 3 |  3.0
Dodging        | |  0.7

Action                   |  1- 3 |  4- 6 || total
-------------------------+-------+-------++-------
Melee: Hand axe          |   131 |    38 ||   169
  Eat: Chunk             |     1 |     3 ||     4
Armor: Leather armour    |    39 |       ||    39
       Ring mail         |    31 |    23 ||    54
Dodge: Dodged            |    94 |    21 ||   115
Block: Shield            |       |    21 ||    21
